 Dungeon Crawl Stone Soup version bcrawl-1.27.8b (webtiles) character file.

Game seed: 6030756636408844221

198008 Baz the Covert (level 9, -3/61 HPs)
             Began as an Octopode Spelunker on Oct 29, 2020.
             Slain by a hippogriff (5 damage)
             ... on level 7 of the Dungeon.
             The game lasted 00:21:03 (7771 turns).

Baz the Covert (Octopode Spelunker)                 Turns: 7771, Time: 00:21:03

Health: -3/61      AC:  1    Str: 13    XL:     9   Next: 14%
Magic:  12/12      EV: 12    Int: 16    God:
Gold:   524        SH:  0    Dex: 11    Spells: 9/12 levels left

rFire    . . .     SeeInvis .   B - +1 dagger (elec)
rCold    . . .     Gourm    .   (no shield)
rNeg     . . .     Faith    .   (helmet restricted)
rPois    .         Spirit   .   s - scarf {repulsion}
rElec    .         Reflect  .   C - amulet of the acrobat
rCorr    .         Harm     .   (no ring)
MR       .....                  (no ring)
Stlth    ++++++....             (no ring)
HPRegen  0.20/turn              (no ring)
MPRegen  0.13/turn              (no ring)
                                (no ring)
                                (no ring)
                                (no ring)

@: repel missiles
A: almost no armour, stealthy swim, amphibious, 8 rings, constrict 8, camouflage
1, gelatinous body 1
a: no special abilities


You were on level 7 of the Dungeon.
You were hungry.

You visited 1 branch of the dungeon, and saw 7 of its levels.

You collected 524 gold pieces.

Inventory:

Hand Weapons
 B - a +1 dagger of electrocution (weapon)
Missiles
 v - 62 curare-tipped needles
Armour
 s - a scarf of repulsion (worn)
Jewellery
 l - the amulet of Ohat {Inacc Stlth+}
   (You found it on level 2 of the Dungeon)

   [amulet of inaccuracy]

   It reduces the accuracy of all your attacks.
   It makes you more stealthy.
 r - a -2 ring of strength
 C - an amulet of the acrobat (around mantle)
Wands
 b - a wand of digging (10)
 n - a wand of flame (20)
 o - a wand of acid (6)
 y - a wand of disintegration (17)
Scrolls
 d - a scroll of noise
 f - 2 scrolls of fog {unknown}
 g - 4 scrolls of teleportation
 h - a scroll of enchant weapon {unknown}
 i - 4 scrolls of remove curse
 j - 2 scrolls of magic mapping {unknown}
 p - 3 scrolls of blinking
 x - a scroll of immolation {unknown}
 D - a scroll of amnesia {unknown}
 F - 2 scrolls of identify
Potions
 a - a potion of flight {unknown}
 k - 3 potions of mutation
 q - 2 potions of ambrosia
 t - 3 potions of might {unknown}
 u - a potion of curing {unknown}
 w - a potion of magic {unknown}
 z - a potion of degeneration {unknown}
 A - a potion of cancellation {unknown}
 E - a potion of lignification {unknown}
 G - a potion of haste {unknown}
Miscellaneous
 c - a lamp of fire
Comestibles
 e - 6 rations {!d}


   Skills:
 + Level 5.6 Fighting
 - Level 2.0 Short Blades
 + Level 11.4 Stealth
 - Level 2.0 Spellcasting
 + Level 2.7 Hexes
 - Level 3.4 Transmutations
 - Level 4.3 Earth Magic
 + Level 5.3 Evocations


You had 9 spell levels left.
You knew the following spells:

 Your Spells              Type           Power        Failure   Level  Hunger
a - Corona                Hex            ##.....      7%          1    None
b - Passwall              Tmut/Erth      ##......     6%          2    ##.....

Your spell library contained the following spells:

 Spells                   Type           Power        Failure   Level  Hunger
 Shackle                  Hex            ##......     10%         2    ##.....
 False Image              Hex/Summ       #.......     34%         3    ####...
 Inner Flame              Hex/Fire       N/A          34%         3    ####...
 Yara's Violent Unravell  Hex/Tmut       ##........   50%         4    ######.
 Cause Fear               Hex            ##........   54%         4    ######.


Dungeon Overview and Level Annotations

Branches:
Dungeon (7/12)
 Temple: D:4-7         Lair: D:7-9

Altars:
Elyvilon
Fedhas
Makhleb
Uskayaw
Zin
The Shining One
Beogh

Annotations:
D:4 3 runed translucent doors, thethe's ghost, amateur FrWz
D:6 exclusion: upstairs


Innate Abilities, Weirdness & Mutations

You cannot wear most types of armour.
You are very stealthy in the water. (Stealth+)
You are amphibious.
You can wear up to eight rings at the same time.
You can use your tentacles to constrict eight enemies at once.
Your skin changes colour to match your surroundings (Stealth+).
Your rubbery body absorbs attacks. (AC +1, EV +1)


Message History

The hippogriff claws you but does no damage.
You hit the hippogriff but do no damage.
The hippogriff is severely wounded.
The hippogriff bites you.
* * * LOW HITPOINT WARNING * * *
The hippogriff misses you. The hippogriff closely misses you.
No path to travel!
You hit the hippogriff but do no damage.
Lightning courses through the hippogriff!
The hippogriff is almost dead.
The hippogriff bites you!
* * * LOW HITPOINT WARNING * * *
The hippogriff pecks you.
* * * LOW HITPOINT WARNING * * *
The hippogriff claws you.
* * * LOW HITPOINT WARNING * * *
You hit the hippogriff.
The hippogriff is almost dead.
The hippogriff barely misses you. The hippogriff pecks you.
You die...

#.........!(......
#.................
#.<...............
#.........##+#####
........# #.........#
........# #.........#
........# #.[.......#
........# #...H######
........# #...@#...#
........####....#...#
........#..#....'...#
#....#..+....#...#
+....##'#....#.###
#...........##.#
#...........#..#
.....####.......#..+
.....
#.......#+####+####


You could see a hippogriff.

Vanquished Creatures
  Eustachio (D:5)
  A yak (D:6)
  A hungry ghost (D:6)
  An ice beast (D:6)
  A sky beast (D:5)
  An ogre (D:6)
  A necrophage (D:6)
  3 bullfrogs
  2 scorpions (D:6)
  A howler monkey (D:5)
  A centaur zombie (D:6)
  2 bullfrog zombies
  2 crimson imps (D:4)
  3 orc wizards (D:6)
  2 orc priests
  A bullfrog skeleton (D:6)
  A centaur skeleton (D:3)
  3 iguanas
  3 worker ants
  A hound zombie (D:6)
  A worker ant zombie (D:6)
  A gnoll (D:3)
  12 adders
  6 worms
  7 leopard geckos
  10 orcs
  4 bats
  7 goblins
  7 hobgoblins
  7 jackals
  7 kobolds
  5 quokkas
  9 frilled lizards
  4 rats
119 creatures vanquished.

Vanquished Creatures (others)
  A plant (D:5)
1 creature vanquished.

Grand Total: 120 creatures vanquished

Notes
Turn   | Place    | Note
-------+----------+-------------------------------------------
     0 | D:1      | Baz the Octopode Spelunker began the quest for the Orb.
     0 | D:1      | Reached XP level 1. HP: 14/14 MP: 3/3
   219 | D:1      | Reached XP level 2. HP: 19/19 MP: 5/5
   321 | D:1      | Reached skill level 5 in Stealth
   982 | D:2      | Got a wavering bronze amulet
  1210 | D:2      | Reached XP level 3. HP: 19/25 MP: 6/6
  2033 | D:3      | Found a glowing golden altar of the Shining One.
  2112 | D:3      | Found a blossoming altar of Fedhas.
  2201 | D:3      | Reached XP level 4. HP: 30/30 MP: 4/7
  2287 | D:3      | Reached skill level 6 in Stealth
  2389 | D:3      | Found a glowing silver altar of Zin.
  2846 | D:3      | Reached XP level 5. HP: 36/36 MP: 8/8
  3346 | D:4      | Found a runed translucent gate.
  3346 | D:4      | Found a runed translucent gate.
  3346 | D:4      | Found a runed translucent gate.
  3365 | D:4      | Noticed thethe's ghost (amateur FrWz)
  3367 | D:4      | Identified the +2 dagger "Kiusuel" {venom, +Blink +Fly rC-
                  | Str+5}
  3370 | D:4      | Found a roughly hewn altar of Beogh.
  3605 | D:4      | Found a burning altar of Makhleb.
  3764 | D:4      | Found a white marble altar of Elyvilon.
  3909 | D:5      | Entered Level 5 of the Dungeon
  3920 | D:4      | Reached skill level 7 in Stealth
  4072 | D:4      | Reached XP level 6. HP: 39/42 MP: 9/9
  4186 | D:5      | Noticed Eustachio
  4486 | D:5      | Killed Eustachio
  4486 | D:5      | Reached skill level 8 in Stealth
  4693 | D:5      | Reached XP level 7. HP: 21/47 MP: 7/10
  5581 | D:5      | Found a hide-covered altar of Uskayaw.
  5704 | D:5      | Reached skill level 9 in Stealth
  6000 | D:6      | HP: 2/49 [orc wizard/magic dart (10)]
  6312 | D:6      | Reached XP level 8. HP: 49/54 MP: 11/11
  6622 | D:6      | Identified the cursed amulet of Ohat {Inacc Stlth+} (You
                  | found it on level 2 of the Dungeon)
  6742 | D:6      | Noticed a yak
  6751 | D:6      | Reached skill level 10 in Stealth
  6753 | D:6      | Killed a yak
  6753 | D:6      | Reached skill level 5 in Fighting
  7057 | D:6      | Reached skill level 11 in Stealth
  7057 | D:6      | Reached skill level 5 in Evocations
  7057 | D:6      | Reached XP level 9. HP: 44/60 MP: 9/12
  7602 | D:5      | Noticed a rust devil
  7602 | D:5      | Noticed a rust devil
  7770 | D:7      | HP: 3/61 [hippogriff (3)]
  7771 | D:7      | Slain by a hippogriff

Skill      XL: |  1  2  3  4  5  6  7  8 |
---------------+-------------------------+-----
Stealth        | 5 6 7 8 9 11 | 11.4
Fighting       | 3 4 5 |  5.6
Transmutations | 3 |  3.4
Evocations     | 3 5 |  5.3
Earth Magic    | 3 4 |  4.3
Short Blades   | |  2.0
Spellcasting   | |  2.0
Hexes          | |  2.7

Action                   |  1- 3 |  4- 6 |  7- 9 || total
-------------------------+-------+-------+-------++-------
Melee: Dagger            |    57 |   110 |   148 ||   315
       Constrict         |    13 |    22 |    17 ||    52
       Tentacles         |     6 |    19 |    20 ||    45
 Cast: Passwall          |    10 |     5 |    14 ||    29
       Corona            |       |     2 |     2 ||     4
Evoke: Lamp of fire      |       |     1 |       ||     1
  Use: Scroll            |       |       |     7 ||     7
       Potion            |       |       |     1 ||     1
 Stab: Sleeping          |    15 |     6 |    22 ||    43
       Distracted        |       |     1 |       ||     1
  Eat: Chunk             |     6 |     7 |    12 ||    25
       Ration            |       |     1 |     1 ||     2
Armor: Skin              |     3 |     1 |     4 ||     8
Dodge: Dodged            |    29 |    40 |    73 ||   142
       Deflected         |       |     1 |     2 ||     3
